TOP OF THE 1ST |
Las Vegas Hustle batting - Pitching for Arizona Diamondbacks : RHP Bubba Schmitz
|
Pitching: RHP Bubba Schmitz
|
|
Batting: SHB Bryan Tillman
|
0-0: Swinging Strike 0-1: Fly out, F7 (Flyball, 7LM, EV 80.0 MPH)
|
Batting: RHB Danny Valdez
|
0-0: TRIPLE (Line Drive, 89XD, EV 103.8 MPH)
|
Batting: RHB Colin Bridgens
|
0-0: Called Strike 0-1: Ball 1-1: SINGLE (Line Drive, 7S, EV 111.3 MPH) Danny Valdez scores
|
Batting: RHB Chris Strickland
|
0-0: Ball 1-0: Swinging Strike 1-1: Ball 2-1: Foul Ball, location: 9LSF 2-2: Fielders Choice at 2nd, 1-6 (Groundball, 13S, EV 70.6 MPH)
|
Batting: LHB Jacob Sessions
|
0-0: Ball 1-0: Ground out 4-3 (Groundball, 4, EV 85.6 MPH)
|
Top of the 1st over - 1 run, 2 hits, 0 errors, 1 left on base; Las Vegas 1 - Arizona 0 |
BOTTOM OF THE 1ST |
Arizona Diamondbacks batting - Pitching for Las Vegas Hustle : RHP Russ Einhorn
|
Pitching: RHP Russ Einhorn
|
|
Batting: RHB Joe McNerny
|
0-0: SINGLE (Line Drive, 78M, EV 101.3 MPH)
|
Batting: LHB Jayden Hill
|
0-0: Foul Ball, location: 7LMF 0-1: Ball 1-1: Fielders Choice at 2nd, 5-4 (Groundball, 56S, EV 78.8 MPH)
|
Batting: RHB Luis Juarez
|
0-0: Called Strike 0-1: Fly out, F7 (Line Drive, 7, EV 95.0 MPH)
|
Batting: LHB Alejandro Cruz
|
0-0: Swinging Strike 0-1: Swinging Strike 0-2: Ball 1-2: Foul Ball, location: 25FF 1-2: Foul Ball, location: 2F 1-2: Foul Ball, location: 2F 1-2: Foul Ball, location: 5F 1-2: Foul Ball, location: 3SF 1-2: Foul Ball, location: 7LMFF 1-2: Strikes out swinging
|
Bottom of the 1st over - 0 runs, 1 hit, 0 errors, 1 left on base; Las Vegas 1 - Arizona 0 |
TOP OF THE 2ND |
Las Vegas Hustle batting - Pitching for Arizona Diamondbacks : RHP Bubba Schmitz
|
Batting: RHB Phil Robbins
|
0-0: Ground out 3-1 (Groundball, 34, EV 104.4 MPH)
|
Batting: RHB Zack Coon
|
0-0: Called Strike 0-1: Ball 1-1: Called Strike 1-2: Foul Ball, location: 2F 1-2: Ball 2-2: Ball 3-2: Strikes out swinging
|
Batting: RHB Danny Alarcon
|
0-0: Called Strike 0-1: Ball 1-1: SINGLE (Groundball, 4D, EV 96.3 MPH)
|
Batting: LHB Jonathan Nelson
|
0-0: Swinging Strike 0-1: Called Strike 0-2: Foul Ball, location: 25F 0-2: Ball 1-2: Strikes out swinging
|
Top of the 2nd over - 0 runs, 1 hit, 0 errors, 1 left on base; Las Vegas 1 - Arizona 0 |
BOTTOM OF THE 2ND |
Arizona Diamondbacks batting - Pitching for Las Vegas Hustle : RHP Russ Einhorn
|
Batting: LHB Kevin Payne
|
0-0: Swinging Strike 0-1: Ball 1-1: Fly out, F5 (Popup, 5S, EV 76.9 MPH)
|
Batting: RHB Ruben Palacios
|
0-0: Ball 1-0: Swinging Strike 1-1: Foul Ball, location: 2F 1-2: Ball 2-2: Ball 3-2: Foul Ball, location: 23F 3-2: Strikes out swinging
|
Batting: SHB Tristian Plumber
|
0-0: Foul Ball, location: 2F 0-1: Called Strike 0-2: Ball 1-2: Fly out, F5 (Popup, 25F, EV 81.3 MPH)
|
Bottom of the 2nd over - 0 runs, 0 hits, 0 errors, 0 left on base; Las Vegas 1 - Arizona 0 |
TOP OF THE 3RD |
Las Vegas Hustle batting - Pitching for Arizona Diamondbacks : RHP Bubba Schmitz
|
Batting: SHB Bryan Tillman
|
0-0: Ball 1-0: SINGLE (Flyball, 6D, EV 101.9 MPH)
|
Batting: RHB Danny Valdez
|
0-0: Fly out, F8 (Flyball, 89M, EV 91.3 MPH)
|
Batting: RHB Colin Bridgens
|
0-0: Fly out, F8 (Line Drive, 8RM, EV 78.8 MPH)
|
Batting: RHB Chris Strickland
|
0-0: Ball 1-0: Swinging Strike 1-1: Called Strike 1-2: Ball 2-2: Ball 3-2: Foul Ball, location: 7LMFF 3-2: Strikes out swinging
|
Top of the 3rd over - 0 runs, 1 hit, 0 errors, 1 left on base; Las Vegas 1 - Arizona 0 |
BOTTOM OF THE 3RD |
Arizona Diamondbacks batting - Pitching for Las Vegas Hustle : RHP Russ Einhorn
|
Batting: LHB Tom Ellis
|
0-0: Ball 1-0: Ball 2-0: Ball 3-0: Base on Balls
|
Batting: RHB Paul Nealer
|
0-0: Sac Bunt to 15S - play at first, batter OUT! 1-3 Tom Ellis to second
|
Batting: RHB Joe McNerny
|
0-0: Foul Ball, location: 9LMF 0-1: Ball 1-1: Swinging Strike 1-2: Ball 2-2: Strikes out swinging
|
Batting: LHB Jayden Hill
|
0-0: Ball 1-0: Ball 2-0: Foul Ball, location: 7LSF 2-1: Called Strike 2-2: Ground out 6-3 (Groundball, P, EV 85.6 MPH)
|
Bottom of the 3rd over - 0 runs, 0 hits, 0 errors, 1 left on base; Las Vegas 1 - Arizona 0 |
TOP OF THE 4TH |
Las Vegas Hustle batting - Pitching for Arizona Diamondbacks : RHP Bubba Schmitz
|
Batting: LHB Jacob Sessions
|
0-0: Ball 1-0: Ball 2-0: Ball 3-0: Called Strike 3-1: Foul Ball, location: 2RF 3-2: Strikes out looking
|
Batting: RHB Phil Robbins
|
0-0: Ground out 4-3 (Groundball, 4, EV 105.0 MPH)
|
Batting: RHB Zack Coon
|
0-0: Ball 1-0: SINGLE (Line Drive, 4MD, EV 95.6 MPH)
|
Batting: RHB Danny Alarcon
|
0-0: Ball 1-0: Foul Ball, location: 5F 1-1: Ball 2-1: Swinging Strike 2-2: Strikes out swinging
|
Top of the 4th over - 0 runs, 1 hit, 0 errors, 1 left on base; Las Vegas 1 - Arizona 0 |
BOTTOM OF THE 4TH |
Arizona Diamondbacks batting - Pitching for Las Vegas Hustle : RHP Russ Einhorn
|
Batting: RHB Luis Juarez
|
0-0: Fly out, F9 (Line Drive, 9, EV 90.6 MPH)
|
Batting: LHB Alejandro Cruz
|
0-0: Swinging Strike 0-1: Ball 1-1: Called Strike 1-2: Foul Ball, location: 25F 1-2: Ball 2-2: Ball 3-2: Fly out, F8 (Flyball, 89M, EV 85.0 MPH)
|
Batting: LHB Kevin Payne
|
0-0: Called Strike 0-1: Foul Ball, location: 3FF 0-2: Strikes out swinging
|
Bottom of the 4th over - 0 runs, 0 hits, 0 errors, 0 left on base; Las Vegas 1 - Arizona 0 |
TOP OF THE 5TH |
Las Vegas Hustle batting - Pitching for Arizona Diamondbacks : RHP Bubba Schmitz
|
Batting: LHB Jonathan Nelson
|
0-0: Ball 1-0: Called Strike 1-1: Foul Ball, location: 2F 1-2: DOUBLE (Line Drive, 89XD, EV 101.3 MPH)
|
Batting: SHB Bryan Tillman
|
0-0: Foul Ball, location: 3FF 0-1: Ground out 5-3 (Groundball, 5, EV 85.0 MPH)
|
Batting: RHB Danny Valdez
|
0-0: Ball 1-0: Ball 2-0: Called Strike 2-1: Foul Ball, location: 9LMF 2-2: Ground out 6-3 (Groundball, 6, EV 85.0 MPH)
|
Batting: RHB Colin Bridgens
|
0-0: Called Strike 0-1: Ball 1-1: Foul Ball, location: 9LDF 1-2: Foul Ball, location: 2F 1-2: Foul Ball, location: 2F 1-2: Ground out 5-3 (Groundball, 5, EV 87.5 MPH)
|
Top of the 5th over - 0 runs, 1 hit, 0 errors, 1 left on base; Las Vegas 1 - Arizona 0 |
BOTTOM OF THE 5TH |
Arizona Diamondbacks batting - Pitching for Las Vegas Hustle : RHP Russ Einhorn
|
Batting: RHB Ruben Palacios
|
0-0: SINGLE (Groundball, 6MD, EV 105.0 MPH)
|
Batting: SHB Tristian Plumber
|
0-0: Called Strike 0-1: Ball 1-1: Foul Ball, location: 2F 1-2: Ball 2-2: Ball 3-2: Strikes out swinging
|
Batting: LHB Tom Ellis
|
0-0: Called Strike 0-1: Swinging Strike 0-2: Ball 1-2: Strikes out looking
|
Batting: RHB Paul Nealer
|
0-0: Fly out, F9 (Flyball, 9LS, EV 90.0 MPH)
|
Bottom of the 5th over - 0 runs, 1 hit, 0 errors, 1 left on base; Las Vegas 1 - Arizona 0 |
TOP OF THE 6TH |
Las Vegas Hustle batting - Pitching for Arizona Diamondbacks : RHP Bubba Schmitz
|
Batting: RHB Chris Strickland
|
0-0: Ball 1-0: Called Strike 1-1: Ground out 6-3 (Groundball, 6, EV 83.8 MPH)
|
Batting: LHB Jacob Sessions
|
0-0: Ball 1-0: SINGLE (Groundball, P, EV 94.4 MPH) (infield hit)
|
Batting: RHB Phil Robbins
|
0-0: Ball 1-0: Foul Ball, location: 23FF 1-1: Called Strike 1-2: Ball Jacob Sessions is caught stealing 2nd base 2-4 2-2: Foul Ball, location: 7LMFF 2-2: Foul Ball, location: 9LMF 2-2: Ball 3-2: Fly out, F8 (Flyball, 8LD, EV 110.0 MPH)
|
Top of the 6th over - 0 runs, 1 hit, 0 errors, 0 left on base; Las Vegas 1 - Arizona 0 |
BOTTOM OF THE 6TH |
Arizona Diamondbacks batting - Pitching for Las Vegas Hustle : RHP Russ Einhorn
|
Batting: RHB Joe McNerny
|
0-0: Foul Ball, location: 2F 0-1: Ball 1-1: Ball 2-1: Fly out, F7 (Flyball, 78M, EV 92.5 MPH)
|
Batting: LHB Jayden Hill
|
0-0: Ball 1-0: Ball 2-0: Foul Ball, location: 5DF 2-1: Foul Ball, location: 9LMF 2-2: SINGLE (Groundball, 4MD, EV 108.8 MPH)
|
Batting: RHB Luis Juarez
|
0-0: Called Strike 0-1: Called Strike 0-2: Foul Ball, location: 2F 0-2: Strikes out swinging
|
Batting: LHB Alejandro Cruz
|
0-0: Ball 1-0: Fly out, F7 (Flyball, 78D, EV 107.5 MPH)
|
Bottom of the 6th over - 0 runs, 1 hit, 0 errors, 1 left on base; Las Vegas 1 - Arizona 0 |
TOP OF THE 7TH |
Las Vegas Hustle batting - Pitching for Arizona Diamondbacks : RHP Bubba Schmitz
|
Batting: RHB Zack Coon
|
0-0: Ball 1-0: Ball 2-0: Ball 3-0: Called Strike 3-1: Swinging Strike 3-2: Strikes out swinging
|
Batting: RHB Danny Alarcon
|
0-0: Ball 1-0: Fly out, F8 (Flyball, 8RM, EV 93.8 MPH)
|
Batting: LHB Jonathan Nelson
|
0-0: Ball 1-0: Swinging Strike 1-1: Ball 2-1: Foul Ball, location: 2F 2-2: Foul Ball, location: 2F 2-2: Foul Ball, location: 7LDF 2-2: Hit by Pitch
|
Batting: SHB Bryan Tillman
|
0-0: Ball 1-0: Called Strike 1-1: Ball 2-1: Ball 3-1: Called Strike 3-2: Base on Balls Jonathan Nelson to second
|
Pitching: LHP Brad Hartley
|
|
Batting: RHB Danny Valdez
|
0-0: Ball 1-0: Swinging Strike 1-1: Foul Ball, location: 2F 1-2: Ball 2-2: Ball 3-2: Ground out 4-3 (Groundball, 4, EV 81.3 MPH)
|
Top of the 7th over - 0 runs, 0 hits, 0 errors, 2 left on base; Las Vegas 1 - Arizona 0 |
BOTTOM OF THE 7TH |
Arizona Diamondbacks batting - Pitching for Las Vegas Hustle : RHP Russ Einhorn
|
Batting: LHB Kevin Payne
|
0-0: Called Strike 0-1: Swinging Strike 0-2: Ball 1-2: SINGLE (Line Drive, 6MD, EV 101.9 MPH)
|
Pinch Hitting: LHB Wally Haines
|
0-0: Ball 1-0: Foul Ball, location: 2F 1-1: Swinging Strike 1-2: Ball 2-2: Strikes out looking
|
Batting: SHB Tristian Plumber
|
0-0: Ball 1-0: Ball 2-0: Ball 3-0: Base on Balls Kevin Payne to second
|
Pitching: LHP Steve Boothby
|
|
Pinch Hitting: RHB John Hudson
|
0-0: Called Strike 0-1: Ball 1-1: Called Strike 1-2: Ball 2-2: Ball 3-2: Base on Balls Kevin Payne to third Tristian Plumber to second
|
Batting: RHB Paul Nealer
|
0-0: Ball 1-0: Fly out, F8 (Flyball, 8LD, EV 105.0 MPH) Runner from 3rd tags up, SCORES, no throw by CF
|
Batting: RHB Joe McNerny
|
0-0: Called Strike 0-1: DOUBLE (Line Drive, 9LM, EV 89.4 MPH) Tristian Plumber scores John Hudson to third Runner from 3rd tries for Home, SAFE, no throw by RF
|
Batting: LHB Jayden Hill
|
0-0: Foul Ball, location: 23F 0-1: Swinging Strike 0-2: Strikes out swinging
|
Bottom of the 7th over - 3 runs, 2 hits, 0 errors, 1 left on base; Las Vegas 1 - Arizona 3 |
TOP OF THE 8TH |
Las Vegas Hustle batting - Pitching for Arizona Diamondbacks : LHP Brad Hartley
|
Now in CF: Josh Miller
|
|
Now in RF: Wally Haines
|
|
Batting: RHB Colin Bridgens
|
0-0: Ball 1-0: Called Strike 1-1: Ball 2-1: Foul Ball, location: 25F 2-2: Strikes out swinging
|
Batting: RHB Chris Strickland
|
0-0: Ground out 5-3 (Groundball, 56, EV 78.8 MPH)
|
Batting: LHB Jacob Sessions
|
0-0: Called Strike 0-1: Ball 1-1: Fly out, F8 (Line Drive, 8LS, EV 91.9 MPH)
|
Top of the 8th over - 0 runs, 0 hits, 0 errors, 0 left on base; Las Vegas 1 - Arizona 3 |
BOTTOM OF THE 8TH |
Arizona Diamondbacks batting - Pitching for Las Vegas Hustle : LHP Steve Boothby
|
Batting: RHB Luis Juarez
|
0-0: Ball 1-0: Ball 2-0: Called Strike 2-1: Called Strike 2-2: Foul Ball, location: 9LSF 2-2: Foul Ball, location: 25FF 2-2: Foul Ball, location: 2F 2-2: Ball 3-2: Strikes out swinging
|
Batting: LHB Alejandro Cruz
|
0-0: Called Strike 0-1: Fly out, F7 (Flyball, 78S, EV 86.9 MPH)
|
Batting: LHB Kevin Payne
|
0-0: Ball 1-0: Foul Ball, location: 7LDF 1-1: Foul Ball, location: 5SF 1-2: Fly out, F9 (Flyball, 89M, EV 78.1 MPH)
|
Bottom of the 8th over - 0 runs, 0 hits, 0 errors, 0 left on base; Las Vegas 1 - Arizona 3 |
TOP OF THE 9TH |
Las Vegas Hustle batting - Pitching for Arizona Diamondbacks : LHP Brad Hartley
|
Pitching: LHP Mark Kerr
|
|
Batting: RHB Phil Robbins
|
0-0: Ball 1-0: Called Strike 1-1: Swinging Strike 1-2: Ball 2-2: Foul Ball, location: 9LMF 2-2: Ball 3-2: Fly out, F9 (Flyball, 89S, EV 91.3 MPH)
|
Batting: RHB Zack Coon
|
0-0: Swinging Strike 0-1: Called Strike 0-2: Fly out, F9 (Flyball, 9, EV 98.8 MPH)
|
Pinch Hitting: RHB Lorenzo Rivas
|
0-0: Ball 1-0: Ball 2-0: Called Strike 2-1: Foul Ball, location: 2F 2-2: Fly out, F9 (Flyball, 9S, EV 86.3 MPH)
|
Top of the 9th over - 0 runs, 0 hits, 0 errors, 0 left on base; Las Vegas 1 - Arizona 3 |
|